 Dungeon Crawl Stone Soup version 0.30.1-8-g117510f58f (webtiles) character file.

Game seed: 930721782914357201

46 Peloso the Shield-Bearer (level 3, 33/33 HPs)
             Began as a Minotaur Fighter on Sept 23, 2023.
             Got out of the dungeon alive.
             The game lasted 00:02:31 (1535 turns).

Peloso the Shield-Bearer (Minotaur Fighter)         Turns: 1535, Time: 00:02:32

Health: 33/33      AC:  9    Str: 20    XL:     3   Next: 44%
Magic:  2/2        EV:  9    Int:  5    God:
Gold:   114        SH:  4    Dex: 11    Spells: 2/2 levels left

rFire   . . .        a - +1 long sword
rCold   . . .        c - +0 buckler
rNeg    . . .        b - +0 scale mail
rPois   .            (helmet restricted)
rElec   +            (no cloak)
rCorr   .            (no gloves)
SInv    .            (no boots)
Will    .....        (no amulet) Stlth
                     (no ring)
HPRegen 0.25/turn    (no ring)
MPRegen 0.08/turn

%: no passive effects
@: invisible
A: horns 2, retaliatory headbutt, hooves 1, iridescent scales 1, electricity
resistance
a: no special abilities


You escaped.
You visited 1 branch of the dungeon, and saw 2 of its levels.

You collected 114 gold pieces.

Inventory:

Hand Weapons
 a - a +1 long sword (weapon)
Armour
 b - a +0 scale mail (worn)
 c - a +0 buckler (worn)
Jewellery
 h - a ring of fire
Scrolls
 i - a scroll of fear
Potions
 d - 2 potions of might


   Skills:
 + Level 4.1 Fighting
 + Level 3.0 Long Blades
 + Level 4.1 Armour
 + Level 0.2 Dodging
 + Level 4.2 Shields


You had 2 spell levels left.
You didn't know any spells.
Your spell library was empty.

Dungeon Overview and Level Annotations

Branches:
Dungeon (2/15)

Altars:
Gozag


Innate Abilities, Weirdness & Mutations

You have a pair of horns on your head.
You reflexively headbutt those who attack you in melee.
You have large cloven feet.
You are partially covered in iridescent scales. (AC +2)
You are resistant to electric shocks. (rElec)


Message History

The kobold hits you with a +0 dagger. The kobold closely misses you.
You closely miss the kobold. Your kick misses the kobold.
Your headbutt misses the kobold. The kobold closely misses you.
You hit the kobold but do no damage. Your kick misses the kobold.
You block the kobold's attack.
You miss the kobold. The kobold closely misses you.
The kobold hits you but does no damage.
You hit the kobold.
You kill the kobold!
You see here a +0 dagger.
You see here 2 javelins.
There is an escape hatch in the ceiling here.
Done exploring.
Done exploring.
Done exploring.
As you read the scroll labelled NOPRYM OMPI, it crumbles to dust.
It is a scroll of identify.
i - a scroll of fear
As you read the scroll of identify, it crumbles to dust.
k - a scroll of noise You drop a scroll of noise.
It was a potion of invisibility.
You fade into invisibility!
It was a potion of magic.
Magic courses through your body.
It was a potion of curing.
You feel better.
As you read the scroll labelled VUCSIU RAERENA, it crumbles to dust.
The air around you briefly surges with heat, but it dissipates.
It was a scroll of immolation.
As you read the scroll labelled ISESOS MAREUPN, it crumbles to dust.
It is a scroll of enchant weapon.
Your +0 long sword glows red for a moment.
(D) Dungeon
Where to? (Enter - D:12, ? - help)
What level of the Dungeon? (default 1, ? - help)
There is a stone staircase leading up here.
You climb upwards.
There is a stone staircase leading down here.
There is a staircase leading out of the dungeon here.
Are you sure you want to leave the Dungeon?
This will make you lose the game!
You have escaped!

# ##.......###.##.##.....#
####...#.....##.####.....##
.......##.....##.##.....##
####....##.....###.....###
# ##.#.###.....#.....##.#
#####.....##.........###.#
..........###..>.8..###..#
#######.### ##.....####)##
#.# ##.@.##.##.# #.#
#...##.##.######## #.#
####...##...........# #.#
#..#...#....[######.# #.#
#.##...####### #.#
#.####.##...# #.#
#.......#...###### #.# ###
######..#...##...# #.# ..#
#.†#...##...### ##.##


There were no monsters in sight!

Vanquished Creatures
  An adder (D:2)
  A worm (D:2)
  4 ball pythons (D:2)
  An endoplasm (D:1)
  2 goblins (D:1)
  5 hobgoblins
  2 jackals (D:2)
  4 kobolds
  5 quokkas
  2 bats
  3 frilled lizards
  A rat (D:2)
31 creatures vanquished.

Notes
Turn   | Place    | Note
-------+----------+-------------------------------------------
     0 | D:1      | Peloso the Minotaur Fighter began the quest for the Orb.
     0 | D:1      | Reached XP level 1. HP: 19/19 MP: 0/0
   246 | D:1      | Reached XP level 2. HP: 27/27 MP: 1/1
   673 | D:1      | Gained mutation: You have large cloven feet. [potion of
                  | mutation]
   673 | D:1      | Gained mutation: You are resistant to electric shocks.
                  | (rElec) [potion of mutation]
   673 | D:1      | Gained mutation: You are partially covered in iridescent
                  | scales. (AC +2) [potion of mutation]
   817 | D:2      | Found an opulent altar of Gozag.
   831 | D:2      | Reached XP level 3. HP: 33/33 MP: 2/2
  1369 | D:2      | Found a faded altar of an unknown god.
  1535 | D:$      | Got out of the dungeon alive.

Illustrated notes

Levels and vault maps discovered:
D:1:      psy_arrival_spokes, layout_loops_ring
D:2:      layout_loops_ring, chequers_ecumenical_altar_grove, basic_altar,
          minmay_quadrilaterals

Skill      XL: |  1  2  3 |
---------------+----------+-----
Shields        | 4 |  4.2
Armour         | 4 |  4.1
Fighting       | 4 |  4.1
Long Blades    | 3 |  3.0
Dodging        | |  0.2

Action                     || total
---------------------------++-------
  Melee: Long sword        ||    70
         Headbutt          ||     9
         Kick              ||     9
    Use: Potion            ||     5
         Scroll            ||     4
 Armour: Scale mail        ||    38
  Dodge: Dodged            ||    45
  Block: Buckler           ||     9
